[Event "European Online Club-ch-G 2021"]
[Site "Online"]
[Date "2021.03.27"]
[Round "6.4"]
[White "Laurincova, Kristyna"]
[Black "Ozata, Doruk"]
[Result "0-1"]
[ECO "B33"]
[WhiteElo "2008"]
[BlackElo "1646"]
[Annotator "NA"]
[PlyCount "84"]
[EventDate "2021.03.27"]
[EventType "team-tourn"]
[EventCountry "NET"]
[SourceTitle "playchess.com"]
[Source "ChessBase"]
[SourceQuality "1"]
[TimeControl "900+5"]

1. e4 c5 2. Nf3 Nc6 3. d4 cxd4 4. Nxd4 Nf6 5. Nc3 e5 6. Ndb5 d6 7. Bg5 a6 8. Na3 b5 9. Nd5 Be7 10. Bxf6 Bxf6 11. c3 O-O 12. Nc2 Bg5 13. a4 b4 14. Ncxb4 Nxb4 15. Nxb4 a5 16. Nd5 Be6 17. Bb5 f5 18. exf5 Bxf5 19. O-O Ra7 20. Qe2 Be6 21. Rad1 Raf7 22. Rd3 Bh4 23. f3 e4 24. Qxe4 Bf5 25. Qd4 Bxd3 26. Bxd3 Bf6 27. Qe4 g6 28. Bc4 Kh8 29. Nf4 Qb6+ 30. Kh1 Re7 31. Qc2 Qc5 32. b3 Bg5 33. Ne6 Qf5 34. Qxf5 Rxf5 35. Rd1 d5 36. Nxg5 dxc4 37. Ne4 cxb3 38. Rb1 Rd5 39. Kg1 Rb7 40. c4 Rd4 41. Nc5 Rb4 42. Rxb3 Rdxc4 0-1

[Event "European Online Club-ch-G 2021"]
[Site "Online"]
[Date "2021.03.27"]
[Round "6.5"]
[White "Flear, Glenn C"]
[Black "Sevdimaliyev, Urfan"]
[Result "1/2-1/2"]
[ECO "D20"]
[WhiteElo "2431"]
[BlackElo "2369"]
[Annotator "NA"]
[PlyCount "127"]
[EventDate "2021.03.27"]
[EventType "team-tourn"]
[EventCountry "NET"]
[SourceTitle "playchess.com"]
[Source "ChessBase"]
[SourceQuality "1"]
[TimeControl "900+5"]

1. d4 d5 2. c4 dxc4 3. e4 e5 4. Nf3 exd4 5. Bxc4 Bb4+ 6. Bd2 Bxd2+ 7. Nbxd2 Nc6 8. O-O Nf6 9. e5 Nd5 10. Nb3 O-O 11. Nbxd4 Nxd4 12. Qxd4 Be6 13. Rad1 c6 14. Qe4 Qe7 15. Nd4 Nc7 16. Nxe6 fxe6 17. Rd6 Rad8 18. Qd4 a6 19. g3 Nd5 20. Rxd8 Rxd8 21. Qg4 Qf7 22. Rd1 Qf5 23. Qxf5 exf5 24. f4 Kf7 25. Bxd5+ cxd5 26. Rc1 Rd7 27. Kf2 d4 28. Ke2 Ke6 29. Kd3 g5 30. Rc4 gxf4 31. gxf4 Rg7 32. Rxd4 Rg2 33. Rd6+ Ke7 34. Rb6 Rxh2 35. Rxb7+ Ke6 36. Rb6+ Kd5 37. Rd6+ Kc5 38. Rxa6 Rxb2 39. a4 Rb3+ 40. Ke2 Kd4 41. Rh6 Ke4 42. Rxh7 Kxf4 43. a5 Ra3 44. e6 Rxa5 45. e7 Re5+ 46. Kf2 Kg5 47. Kf3 Kg6 48. e8=Q+ Rxe8 49. Ra7 Rb8 50. Ra4 Rb3+ 51. Kg2 Kg5 52. Rc4 f4 53. Rc8 Rb2+ 54. Kf3 Rb3+ 55. Kf2 Rb2+ 56. Kf3 Rb3+ 57. Kf2 Ra3 58. Kg2 Kg4 59. Rg8+ Kf5 60. Kf2 Ra2+ 61. Kf3 Ra3+ 62. Kf2 Ra2+ 63. Kf3 Ra3+ 64. Kf2 1/2-1/2

[Event "European Online Club-ch-G 2021"]
[Site "Online"]
[Date "2021.03.27"]
[Round "6.6"]
[White "Babayev, Talib"]
[Black "Boyer, Mahel"]
[Result "0-1"]
[ECO "B01"]
[WhiteElo "2282"]
[BlackElo "2333"]
[Annotator "NA"]
[PlyCount "52"]
[EventDate "2021.03.27"]
[EventType "team-tourn"]
[EventCountry "NET"]
[SourceTitle "playchess.com"]
[Source "ChessBase"]
[SourceQuality "1"]
[TimeControl "900+5"]

1. e4 Nc6 2. Nf3 d5 3. exd5 Qxd5 4. Nc3 Qh5 5. d4 Bg4 6. Be2 O-O-O 7. Be3 e5 8. d5 Nf6 9. h3 Nb4 10. O-O Bxf3 11. Bxf3 Qg6 12. a3 Nxc2 13. Rc1 Nxe3 14. fxe3 e4 15. Be2 Bc5 16. Qd2 Qg3 17. Nd1 Rxd5 18. Qc3 Bd6 19. Rxf6 gxf6 20. Bg4+ Kb8 21. Qxf6 Be5 22. Qf5 Qh2+ 23. Kf1 Qh1+ 24. Ke2 Rhd8 25. Qxe4 Rd2+ 26. Kf3 Qxg2# 0-1

[Event "European Online Club-ch-G 2021"]
[Site "Online"]
[Date "2021.03.27"]
[Round "6.7"]
[White "Collier, Timothy"]
[Black "Gasimov, Parviz"]
[Result "0-1"]
[ECO "D02"]
[WhiteElo "2074"]
[BlackElo "2337"]
[Annotator "NA"]
[PlyCount "138"]
[EventDate "2021.03.27"]
[EventType "team-tourn"]
[EventCountry "NET"]
[SourceTitle "playchess.com"]
[Source "ChessBase"]
[SourceQuality "1"]
[TimeControl "900+5"]

1. d4 Nf6 2. Bf4 d5 3. e3 e6 4. Nf3 Bd6 5. Nbd2 O-O 6. Bd3 c5 7. dxc5 Bxf4 8. exf4 Qc7 9. g3 Qxc5 10. c3 Nc6 11. O-O Bd7 12. Ne5 Qb6 13. Qc2 g6 14. Ndf3 Rac8 15. a3 Kg7 16. Rfe1 Rfd8 17. Nxc6 bxc6 18. Qe2 c5 19. b4 cxb4 20. cxb4 Rc3 21. Ne5 Rdc8 22. g4 Ba4 23. h4 Qd4 24. Ba6 R8c7 25. h5 Qxf4 26. Nd3 Qxg4+ 27. Qxg4 Nxg4 28. Nc5 Be8 29. hxg6 hxg6 30. Rec1 Rxc1+ 31. Rxc1 Kh6 32. Be2 Nf6 33. Rc3 Nd7 34. Rh3+ Kg7 35. Na6 Rc1+ 36. Kg2 Nb6 37. Nc5 Na4 38. Nb3 Rc3 39. Nd4 Rxh3 40. Kxh3 Nc3 41. Bd3 e5 42. Nb3 e4 43. Bc2 Ba4 44. Nd4 Bxc2 45. Nxc2 Kf6 46. Nd4 a6 47. Kg4 Nb5 48. Nb3 Nxa3 49. Nc5 Nc2 50. Nxa6 d4 51. b5 d3 52. Nc5 Ke5 53. Nb3 Nd4 54. b6 Nc6 55. Kg3 f5 56. f4+ Kd5 57. b7 Nb8 58. Kf2 Kc4 59. Nd2+ Kc5 60. Ke3 Kb6 61. Nc4+ Kxb7 62. Ne5 Nc6 63. Nxg6 Kb6 64. Nh4 Ne7 65. Ng2 Kc5 66. Kd2 Nd5 67. Nh4 Kc4 68. Nxf5 e3+ 69. Kc1 Kc3 0-1

[Event "European Online Club-ch-G 2021"]
[Site "Online"]
[Date "2021.03.27"]
[Round "6.8"]
[White "Hasanzade, Toghrul"]
[Black "Hmamouche, Youssef"]
[Result "1-0"]
[ECO "B22"]
[WhiteElo "2322"]
[BlackElo "1926"]
[Annotator "NA"]
[PlyCount "127"]
[EventDate "2021.03.27"]
[EventType "team-tourn"]
[EventCountry "NET"]
[SourceTitle "playchess.com"]
[Source "ChessBase"]
[SourceQuality "1"]
[TimeControl "900+5"]

1. e4 c5 2. c3 d6 3. d4 Nf6 4. dxc5 Nc6 5. Bd3 e6 6. cxd6 Bxd6 7. Nf3 e5 8. h3 h6 9. O-O O-O 10. Qe2 Qe7 11. Be3 Be6 12. Nbd2 Rfd8 13. Rfd1 Nd7 14. Bc4 Bc5 15. Bxe6 Qxe6 16. Nf1 Bxe3 17. Nxe3 Nb6 18. b3 Rxd1+ 19. Rxd1 Rd8 20. c4 Rxd1+ 21. Qxd1 Nd7 22. Qd5 Qe8 23. Nf5 Ne7 24. Nxe7+ Qxe7 25. Qxb7 Qd6 26. Qd5 Qc7 27. Nd2 Nf6 28. Qd3 Qa5 29. Qc2 Qc5 30. Qc3 a5 31. a3 Qxa3 32. c5 Qb4 33. Qxb4 axb4 34. c6 Ne8 35. Nc4 Kf8 36. Nxe5 Ke7 37. Kf1 Kd6 38. Nxf7+ Kxc6 39. Ke2 Kc5 40. Kd3 Nf6 41. Ne5 Ne8 42. Nc4 Nc7 43. f4 Nb5 44. Ne5 Nd6 45. Nd7+ Kc6 46. Nf8 Nf7 47. Kc4 Nd6+ 48. Kd4 Nb5+ 49. Kd3 Nc7 50. Kc4 g5 51. fxg5 hxg5 52. Kxb4 Kd6 53. Kc4 Ke5 54. Kd3 Kf4 55. b4 Ke5 56. Nd7+ Kd6 57. Nc5 Ke5 58. Kc4 Ne8 59. b5 Nd6+ 60. Kb4 Kd4 61. b6 Ke5 62. Kc3 Nb5+ 63. Kd3 Nd6 64. b7 1-0

[Event "European Online Club-ch-G 2021"]
[Site "Online"]
[Date "2021.03.27"]
[Round "6.9"]
[White "Grachev, Boris"]
[Black "Persanyi, Barnabas"]
[Result "1-0"]
[ECO "E12"]
[WhiteElo "2619"]
[BlackElo "2364"]
[Annotator "ChessBase"]
[PlyCount "91"]
[EventDate "2021.03.27"]
[EventType "team-tourn"]
[EventCountry "NET"]
[SourceTitle "playchess.com"]
[Source "ChessBase"]
[SourceQuality "1"]
[TimeControl "900+5"]

1. Nf3 Nf6 2. c4 b6 3. d4 e6 4. Bf4 Bb7 5. e3 Bb4+ 6. Nfd2 Ne4 7. a3 Be7 8. Nxe4 Bxe4 9. Nc3 Bb7 10. Bd3 d6 11. O-O Nd7 12. Bg3 O-O 13. Rc1 g6 14. Be4 Bxe4 15. Nxe4 Nf6 16. Nc3 Nh5 17. b4 Nxg3 18. hxg3 c6 19. Qb3 d5 20. a4 Rc8 21. Ne2 Qd7 22. Nf4 Bd6 23. Nd3 h5 24. Rc2 a5 25. c5 Bc7 26. cxb6 Bxb6 27. Ne5 Qd6 28. bxa5 Bxa5 29. Rfc1 Kg7 30. Rxc6 Rxc6 31. Rxc6 Qb8 32. Qc2 Qb4 33. Nd3 Qb7 34. Rc5 Bb6 35. Rb5 Qa6 36. Nb4 Qa7 37. a5 Bc7 38. Qc5 Qxc5 39. dxc5 Ra8 40. a6 Be5 41. c6 Kf8 42. Rb7 Bd6 43. a7 Ke8 44. Na6 Kd8 45. c7+ Bxc7 46. Rxc7 1-0

[Event "European Online Club-ch-G 2021"]
[Site "Online"]
[Date "2021.03.27"]
[Round "6.10"]
[White "Krstulovic, Alex"]
[Black "Motylev, Alexander"]
[Result "0-1"]
[ECO "D02"]
[WhiteElo "2387"]
[BlackElo "2641"]
[Annotator "ChessBase"]
[PlyCount "108"]
[EventDate "2021.03.27"]
[EventType "team-tourn"]
[EventCountry "NET"]
[SourceTitle "playchess.com"]
[Source "ChessBase"]
[SourceQuality "1"]
[TimeControl "900+5"]

1. d4 Nf6 2. Nf3 d5 3. Bf4 c5 4. e3 Nc6 5. Nbd2 e6 6. c3 Nh5 7. Bg5 f6 8. Bh4 g6 9. Bd3 cxd4 10. cxd4 Be7 11. O-O O-O 12. Rc1 Bd7 13. Nb3 Nb4 14. Bb1 Ba4 15. a3 Nc6 16. Qd3 Qb6 17. Nc5 Bxc5 18. Rxc5 Qxb2 19. Bc2 Bxc2 20. Rxc2 Qb6 21. Rc5 Rac8 22. Rb1 Qc7 23. g4 Ng7 24. Bg3 Qd7 25. Rbc1 Ne8 26. Qb1 g5 27. e4 dxe4 28. Qxe4 Nd6 29. Qe3 Nf7 30. h4 gxh4 31. Bxh4 Nh8 32. g5 f5 33. Re1 Ng6 34. Rc4 Rce8 35. Ne5 Ncxe5 36. dxe5 f4 37. Qh3 Rf5 38. Rec1 Nxe5 39. Rc7 Qd5 40. R1c3 Qd1+ 41. Kh2 Qd5 42. Bg3 fxg3+ 43. Rxg3 Rxf2+ 44. Kg1 Rf7 45. Rxf7 Nxf7 46. g6 Qd1+ 47. Kh2 Qd2+ 48. Kh1 hxg6 49. Rxg6+ Kf8 50. Qh7 Qd5+ 51. Kh2 Qe5+ 52. Kh1 Qh8 53. Qxh8+ Nxh8 54. Rg8+ Kxg8 0-1

[Event "European Online Club-ch-G 2021"]
[Site "Online"]
[Date "2021.03.27"]
[Round "6.11"]
[White "Kobalia, Mikhail"]
[Black "Karacsonyi, Gellert"]
[Result "1-0"]
[ECO "C00"]
[WhiteElo "2587"]
[BlackElo "2321"]
[Annotator "ChessBase"]
[PlyCount "79"]
[EventDate "2021.03.27"]
[EventType "team-tourn"]
[EventCountry "NET"]
[SourceTitle "playchess.com"]
[Source "ChessBase"]
[SourceQuality "1"]
[TimeControl "900+5"]

1. e4 e6 2. d3 d5 3. Nd2 c5 4. Ngf3 Nc6 5. g3 Nf6 6. Bg2 Be7 7. O-O O-O 8. Re1 b5 9. a4 b4 10. exd5 exd5 11. d4 cxd4 12. Nb3 Bg4 13. Nbxd4 Nxd4 14. Qxd4 Ne4 15. Qd3 Bf5 16. Nd4 Bc5 17. Nxf5 Bxf2+ 18. Kf1 Bxe1 19. Bxe4 dxe4 20. Qxd8 Rfxd8 21. Kxe1 g6 22. Ne3 f5 23. a5 Kf7 24. a6 Rac8 25. b3 Ke6 26. Nc4 Rc6 27. Be3 Rd7 28. h4 Rd8 29. Bxa7 Ra8 30. Bb6 h6 31. a7 g5 32. hxg5 hxg5 33. Be3 Rc7 34. Ra6+ Kf7 35. Nd6+ Kf8 36. Nxf5 Rxc2 37. Rb6 Rcc8 38. Rb7 g4 39. Bh6+ Kg8 40. Ne7+ 1-0

[Event "European Online Club-ch-G 2021"]
[Site "Online"]
[Date "2021.03.27"]
[Round "6.12"]
[White "Ongut, Tamas Gunes"]
[Black "Murzin, Volodar"]
[Result "0-1"]
[ECO "E73"]
[WhiteElo "2314"]
[BlackElo "2478"]
[Annotator "ChessBase"]
[PlyCount "74"]
[EventDate "2021.03.27"]
[EventType "team-tourn"]
[EventCountry "NET"]
[SourceTitle "playchess.com"]
[Source "ChessBase"]
[SourceQuality "1"]
[TimeControl "900+5"]

1. d4 Nf6 2. c4 g6 3. Nc3 Bg7 4. e4 O-O 5. Be2 d6 6. Be3 e5 7. d5 a5 8. h4 h5 9. f3 Na6 10. Qc2 Nc5 11. Bxc5 dxc5 12. O-O-O Bd7 13. Nh3 Bh6+ 14. Kb1 Kg7 15. Nf2 Rh8 16. g3 Be3 17. Nd3 Qe7 18. f4 Bd4 19. fxe5 Bxe5 20. Nxe5 Qxe5 21. Rhf1 Ne8 22. Rf4 Nd6 23. Rdf1 Rae8 24. Bd3 Rhf8 25. Qf2 b6 26. Qd2 f5 27. exf5 Bxf5 28. Bxf5 Rxf5 29. Qd3 Rxf4 30. Rxf4 Qe1+ 31. Kc2 Re3 32. Qf1 Qxg3 33. Rf8 Nf5 34. Rxf5 gxf5 35. Qxf5 Qg6 36. Qxg6+ Kxg6 37. Nb5 Re7 0-1

[Event "European Online Club-ch-G 2021"]
[Site "Online"]
[Date "2021.03.27"]
[Round "6.13"]
[White "Dreev, Aleksey"]
[Black "Harvey, Marcus R"]
[Result "1-0"]
[ECO "E39"]
[WhiteElo "2647"]
[BlackElo "2440"]
[Annotator "ChessBase"]
[PlyCount "113"]
[EventDate "2021.03.27"]
[EventType "team-tourn"]
[EventCountry "NET"]
[SourceTitle "playchess.com"]
[Source "ChessBase"]
[SourceQuality "1"]
[TimeControl "900+5"]

1. d4 Nf6 2. c4 e6 3. Nc3 Bb4 4. Qc2 c5 5. dxc5 O-O 6. a3 Bxc5 7. Nf3 Qb6 8. e3 Qc7 9. Be2 b6 10. b3 Bb7 11. Bb2 h6 12. h4 d5 13. cxd5 Nxd5 14. Nxd5 Bxd5 15. Qc3 f6 16. b4 Bd6 17. Qxc7 Bxc7 18. Rc1 Bd6 19. Nd4 Be5 20. Bc4 Bxc4 21. Rxc4 Nd7 22. Ke2 Rfc8 23. Rhc1 Rxc4 24. Rxc4 Kf7 25. f4 Bxd4 26. Bxd4 Ke7 27. Rc6 h5 28. Kd3 Rd8 29. Kc4 Nb8 30. Rc7+ Rd7 31. Rc8 Rd8 32. Rxd8 Kxd8 33. b5 Kc7 34. Bc3 Nd7 35. e4 Nc5 36. Kd4 g6 37. Bb4 Nd7 38. f5 exf5 39. exf5 gxf5 40. Kd5 f4 41. Bd6+ Kd8 42. Bxf4 Ke7 43. a4 Kf7 44. Be3 Ke7 45. Bd4 f5 46. Be3 Nf6+ 47. Kc6 Ke6 48. Kb7 Ne4 49. Kxa7 Nc3 50. Kxb6 Nxa4+ 51. Ka5 Nb2 52. b6 Nc4+ 53. Kb5 Nd6+ 54. Kc6 Nc4 55. Bf4 Na5+ 56. Kc7 Kd5 57. b7 1-0

[Event "European Online Club-ch-G 2021"]
[Site "Online"]
[Date "2021.03.27"]
[Round "6.14"]
[White "Greet, Andrew N"]
[Black "Piorun, Kacper"]
[Result "1/2-1/2"]
[ECO "B43"]
[WhiteElo "2417"]
[BlackElo "2615"]
[Annotator "ChessBase"]
[PlyCount "175"]
[EventDate "2021.03.27"]
[EventType "team-tourn"]
[EventCountry "NET"]
[SourceTitle "playchess.com"]
[Source "ChessBase"]
[SourceQuality "1"]
[TimeControl "900+5"]

1. e4 c5 2. Nc3 a6 3. g3 e6 4. Bg2 b5 5. Nge2 Bb7 6. d4 cxd4 7. Nxd4 Nc6 8. O-O Nxd4 9. Qxd4 Ne7 10. Bf4 Ng6 11. Bd6 Bxd6 12. Qxd6 Qe7 13. Qb6 Bc6 14. Nd5 Bxd5 15. exd5 Qd8 16. Qd6 Qb8 17. Qb4 a5 18. Qc5 Ra6 19. dxe6 fxe6 20. Rad1 Ne5 21. f4 Nf7 22. Kh1 g6 23. Rfe1 Rd6 24. Rxd6 Nxd6 25. Rd1 Nf5 26. Qc3 Ke7 27. Qxa5 Rc8 28. Qb4+ d6 29. c3 Ne3 30. Rc1 Rc4 31. Qb3 Qb6 32. Re1 Ng4 33. h3 Qf2 34. Qd1 Ne3 35. Qe2 Qxe2 36. Rxe2 Nf5 37. Kh2 Rc5 38. Re4 d5 39. Rb4 Ne3 40. a4 bxa4 41. Rxa4 Rb5 42. b4 h5 43. Bf3 Rb7 44. Be2 Rc7 45. Ra3 Nc2 46. Rb3 Ne3 47. Kg1 Kd6 48. Kf2 Nf5 49. g4 hxg4 50. hxg4 Ne7 51. Ra3 e5 52. Ra6+ Kd7 53. fxe5 Rxc3 54. Bb5+ Kc7 55. Ra7+ Kb6 56. Rxe7 Kxb5 57. Rb7+ Kc6 58. Rb8 Rb3 59. Rg8 Rxb4 60. Rxg6+ Kd7 61. Rd6+ Ke7 62. Kf3 Rd4 63. g5 Rd1 64. g6 Rg1 65. Kf4 d4 66. Kf5 Rd1 67. g7 Kf7 68. Rd7+ Kg8 69. e6 Rf1+ 70. Ke5 Re1+ 71. Kd6 d3 72. Ke7 Re3 73. Kf6 Rf3+ 74. Kg6 Rg3+ 75. Kf5 Re3 76. Kf6 Rf3+ 77. Ke5 Re3+ 78. Kf5 d2 79. Rxd2 Kxg7 80. Rd8 Re1 81. Rd7+ Kf8 82. Kf6 Rf1+ 83. Ke5 Ke8 84. Ra7 Re1+ 85. Kf6 Rf1+ 86. Ke5 Re1+ 87. Kf6 Rf1+ 88. Ke5 1/2-1/2

[Event "European Online Club-ch-G 2021"]
[Site "Online"]
[Date "2021.03.27"]
[Round "6.15"]
[White "Shchekachev, Andrei"]
[Black "Sukandar, Irine Kharisma"]
[Result "0-1"]
[ECO "B36"]
[WhiteElo "2515"]
[BlackElo "2413"]
[Annotator "ChessBase"]
[PlyCount "84"]
[EventDate "2021.03.27"]
[EventType "team-tourn"]
[EventCountry "NET"]
[SourceTitle "playchess.com"]
[Source "ChessBase"]
[SourceQuality "1"]
[TimeControl "900+5"]

1. Nf3 Nf6 2. c4 c5 3. Nc3 g6 4. e4 Nc6 5. d4 cxd4 6. Nxd4 d6 7. f3 Nxd4 8. Qxd4 Bg7 9. Be3 O-O 10. Qd2 Be6 11. Bd3 Rc8 12. b3 d5 13. exd5 Nxd5 14. Nxd5 Bxa1 15. O-O Bg7 16. Be4 b6 17. Bg5 Bxd5 18. Bxd5 Qd6 19. Rd1 e6 20. Bb7 Qxd2 21. Rxd2 Rc7 22. Ba6 f6 23. Be3 f5 24. a3 Bf6 25. Bb5 Rd8 26. Rxd8+ Bxd8 27. Bf4 Rf7 28. Be8 Rf8 29. Bc6 Be7 30. b4 Rd8 31. Kf1 Rd3 32. b5 Rxa3 33. Bb8 Bc5 34. g4 Kf7 35. Ke2 Rc3 36. gxf5 gxf5 37. Bxa7 Rc2+ 38. Kd3 Rxh2 39. Bb8 Ra2 40. f4 Ra3+ 41. Ke2 h5 42. Kf1 Rg3 0-1

[Event "European Online Club-ch-G 2021"]
[Site "Online"]
[Date "2021.03.27"]
[Round "6.16"]
[White "Derakhshani, Borna"]
[Black "Flom, Gabriel"]
[Result "0-1"]
[ECO "D02"]
[WhiteElo "2373"]
[BlackElo "2474"]
[Annotator "ChessBase"]
[PlyCount "58"]
[EventDate "2021.03.27"]
[EventType "team-tourn"]
[EventCountry "NET"]
[SourceTitle "playchess.com"]
[Source "ChessBase"]
[SourceQuality "1"]
[TimeControl "900+5"]

1. d4 Nf6 2. Bf4 d5 3. Nf3 e6 4. e3 c5 5. c3 Qb6 6. Qb3 c4 7. Qc2 Nh5 8. Bg3 Nxg3 9. hxg3 g6 10. Nbd2 Bg7 11. Be2 Nc6 12. b3 cxb3 13. axb3 O-O 14. e4 Bd7 15. e5 Rac8 16. Qb2 f6 17. exf6 Bxf6 18. O-O e5 19. dxe5 Nxe5 20. Rac1 Ng4 21. b4 Bb5 22. Bxb5 Qxb5 23. Qb3 Qd3 24. Nb1 Qf5 25. Rcd1 Rfd8 26. Rfe1 Kh8 27. Re2 Re8 28. Rxe8+ Rxe8 29. Rxd5 Re1+ 0-1

[Event "European Online Club-ch-G 2021"]
[Site "Online"]
[Date "2021.03.27"]
[Round "6.17"]
[White "Bartel, Mateusz"]
[Black "Gazik, Viktor"]
[Result "0-1"]
[ECO "B04"]
[WhiteElo "2635"]
[BlackElo "2542"]
[Annotator "ChessBase"]
[PlyCount "96"]
[EventDate "2021.03.27"]
[EventType "team-tourn"]
[EventCountry "NET"]
[SourceTitle "playchess.com"]
[Source "ChessBase"]
[SourceQuality "1"]
[TimeControl "900+5"]

1. e4 Nf6 2. e5 Nd5 3. d4 Nb6 4. a4 a5 5. Nf3 d6 6. Be2 Nc6 7. exd6 exd6 8. O-O Be7 9. d5 Nb4 10. c4 O-O 11. Be3 Bf5 12. Nd4 Bg6 13. f4 Bxb1 14. Rxb1 Bf6 15. Bf2 Nd7 16. Nf5 Re8 17. g4 g6 18. g5 gxf5 19. gxf6 Qxf6 20. Bd4 Qh4 21. Rf3 Nf8 22. Qd2 Ng6 23. Rbf1 Re4 24. Bd1 Rae8 25. b3 Re1 26. Rg3 Rxf1+ 27. Kxf1 Re4 28. Be3 Kf8 29. Bf3 Re8 30. Bd1 b6 31. Kg2 Qe7 32. Kh3 Qe4 33. Be2 Nc2 34. Bd3 Qxe3 35. Rxe3 Rxe3+ 36. Kg2 Nxf4+ 37. Kg1 Nxd3 38. Qc3 Nce1 39. Qf6 f4 40. Kf1 Nf3 41. Qh8+ Ke7 42. Qc8 Nd2+ 43. Kg2 f3+ 44. Kh3 f2+ 45. Kg4 Ne5+ 46. Kg5 Ne4+ 47. Kh6 f1=Q 48. Qxc7+ Nd7 0-1

[Event "European Online Club-ch-G 2021"]
[Site "Online"]
[Date "2021.03.27"]
[Round "6.18"]
[White "Sahidi, Samir"]
[Black "Gumularz, Szymon"]
[Result "1/2-1/2"]
[ECO "C77"]
[WhiteElo "2407"]
[BlackElo "2517"]
[Annotator "ChessBase"]
[PlyCount "62"]
[EventDate "2021.03.27"]
[EventType "team-tourn"]
[EventCountry "NET"]
[SourceTitle "playchess.com"]
[Source "ChessBase"]
[SourceQuality "1"]
[TimeControl "900+5"]

1. e4 e5 2. Nf3 Nc6 3. Bb5 a6 4. Ba4 Nf6 5. d3 d6 6. c3 g6 7. O-O Bg7 8. Re1 O-O 9. Nbd2 b5 10. Bc2 Bb7 11. d4 Re8 12. a4 exd4 13. Nxd4 Nxd4 14. cxd4 c5 15. d5 Nd7 16. Nf3 Nb6 17. Rb1 Nxa4 18. Bxa4 bxa4 19. Qxa4 f5 20. Bg5 Qc8 21. Nd2 fxe4 22. Nxe4 Bxd5 23. Nf6+ Bxf6 24. Bxf6 Qc6 25. Qxc6 Bxc6 26. Be7 Rab8 27. Bxd6 Rxe1+ 28. Rxe1 Rxb2 29. Bxc5 a5 30. h3 a4 31. Re6 Bd7 1/2-1/2

[Event "European Online Club-ch-G 2021"]
[Site "Online"]
[Date "2021.03.27"]
[Round "6.19"]
[White "Mastrovasilis, Dimitrios"]
[Black "Kostolansky, Sebastian Lukas"]
[Result "1-0"]
[ECO "C11"]
[WhiteElo "2609"]
[BlackElo "2393"]
[Annotator "ChessBase"]
[PlyCount "61"]
[EventDate "2021.03.27"]
[EventType "team-tourn"]
[EventCountry "NET"]
[SourceTitle "playchess.com"]
[Source "ChessBase"]
[SourceQuality "1"]
[TimeControl "900+5"]

1. e4 e6 2. d4 d5 3. Nc3 Nf6 4. e5 Nfd7 5. f4 c5 6. Nf3 Nc6 7. Be3 Qb6 8. Na4 Qa5+ 9. c3 cxd4 10. b4 Nxb4 11. cxb4 Bxb4+ 12. Bd2 Bxd2+ 13. Nxd2 b6 14. Bd3 Nc5 15. Nxc5 bxc5 16. O-O O-O 17. Rc1 c4 18. Bxh7+ Kxh7 19. Qh5+ Kg8 20. Nf3 f6 21. exf6 gxf6 22. Qg6+ Kh8 23. Qh6+ Kg8 24. Qg6+ Kh8 25. Ne5 Qc7 26. Qh6+ Kg8 27. Rf3 Qg7 28. Rg3 Qxg3 29. hxg3 fxe5 30. Qg6+ Kh8 31. Kf2 1-0

[Event "European Online Club-ch-G 2021"]
[Site "Online"]
[Date "2021.03.27"]
[Round "6.20"]
[White "Haring, Filip"]
[Black "Tazbir, Marcin"]
[Result "0-1"]
[ECO "A35"]
[WhiteElo "2376"]
[BlackElo "2513"]
[Annotator "ChessBase"]
[PlyCount "124"]
[EventDate "2021.03.27"]
[EventType "team-tourn"]
[EventCountry "NET"]
[SourceTitle "playchess.com"]
[Source "ChessBase"]
[SourceQuality "1"]
[TimeControl "900+5"]

1. Nf3 c5 2. c4 Nc6 3. Nc3 g6 4. e3 Nf6 5. d4 cxd4 6. exd4 d5 7. cxd5 Nxd5 8. Qb3 e6 9. Bb5 Bg7 10. O-O O-O 11. Bxc6 bxc6 12. Re1 Qb6 13. Qc2 Nxc3 14. Qxc3 Bb7 15. Ne5 Rfd8 16. Be3 Qb5 17. Nd3 Rd5 18. a4 Qb6 19. a5 Qd8 20. a6 Bc8 21. Nb4 Rb5 22. Nxc6 Qe8 23. b4 Rb6 24. Rec1 Bxa6 25. h4 Bb7 26. Nxa7 Qd8 27. b5 Qxh4 28. f3 h6 29. Bf2 Qg5 30. Qc5 Qxc5 31. dxc5 Rxb5 32. Nxb5 Rxa1 33. Rxa1 Bxa1 34. Na7 Be5 35. c6 Ba6 36. Bb6 Bb8 37. c7 Bxa7 38. Bxa7 e5 39. Kf2 f6 40. g3 Kf7 41. Be3 g5 42. Bb6 Ke6 43. Ba5 Kd6 44. Ke3 h5 45. Kf2 Kd5 46. Bb4 Bc8 47. Be7 Ke6 48. Bd8 Kf7 49. Ke3 Bb7 50. Kf2 Kg6 51. Ke3 Kf5 52. Be7 Ke6 53. Bd8 Kf5 54. Be7 Bc8 55. Bd8 Kg6 56. Be7 f5 57. f4 h4 58. Bxg5 h3 59. Kf2 e4 60. Be7 Kh5 61. Bc5 Kg4 62. Be3 Bb7 0-1

[Event "European Online Club-ch-G 2021"]
[Site "Online"]
[Date "2021.03.27"]
[Round "7.1"]
[White "Gazik, Viktor"]
[Black "Altun, Arda"]
[Result "1-0"]
[ECO "B30"]
[WhiteElo "2542"]
[BlackElo "2074"]
[Annotator "ChessBase"]
[PlyCount "65"]
[EventDate "2021.03.27"]
[EventType "team-tourn"]
[EventCountry "NET"]
[SourceTitle "playchess.com"]
[Source "ChessBase"]
[SourceQuality "1"]
[TimeControl "900+5"]

1. e4 c5 2. Nc3 Nc6 3. Bb5 Nd4 4. Bc4 e6 5. Nf3 Nf6 6. O-O a6 7. d3 b5 8. Bb3 Nxb3 9. axb3 Bb7 10. e5 Nd5 11. Ng5 f6 12. exf6 Qxf6 13. Nce4 Qg6 14. Re1 Be7 15. Nf3 O-O 16. Ne5 Qf5 17. Nxd7 Rf7 18. g4 Qf3 19. Qxf3 Rxf3 20. Ndxc5 Bxc5 21. Nxc5 Nb4 22. Nxb7 Nxc2 23. Be3 Nxe1 24. Rxe1 Rc8 25. Kg2 Rff8 26. Nc5 e5 27. b4 Rfd8 28. Kf3 Kf7 29. Ke4 Re8 30. Ra1 Rc6 31. h3 h6 32. h4 g6 33. Bxh6 1-0

[Event "European Online Club-ch-G 2021"]
[Site "Online"]
[Date "2021.03.27"]
[Round "7.2"]
[White "Danaci, Ege"]
[Black "Sahidi, Samir"]
[Result "0-1"]
[ECO "B11"]
[WhiteElo "1996"]
[BlackElo "2407"]
[Annotator "NA"]
[PlyCount "72"]
[EventDate "2021.03.27"]
[EventType "team-tourn"]
[EventCountry "NET"]
[SourceTitle "playchess.com"]
[Source "ChessBase"]
[SourceQuality "1"]
[TimeControl "900+5"]

1. e4 c6 2. Nc3 d5 3. Nf3 Nf6 4. e5 Ne4 5. Ne2 Bg4 6. d3 Bxf3 7. gxf3 Nc5 8. d4 Ne6 9. Bh3 Nc7 10. e6 Nxe6 11. Bxe6 fxe6 12. Nf4 e5 13. dxe5 e6 14. Qe2 Qe7 15. Bd2 Nd7 16. O-O-O O-O-O 17. h4 Qf7 18. Rdg1 Bc5 19. Nd3 Bb6 20. f4 Nc5 21. Ne1 Rhf8 22. Be3 Ne4 23. f3 Nc5 24. Rg5 Qe7 25. Rhg1 Rf7 26. Bxc5 Bxc5 27. R1g2 Rdf8 28. Nd3 Bb6 29. h5 c5 30. f5 c4 31. Nf4 Rxf5 32. Rxg7 R8f7 33. Rg8+ Kd7 34. Nh3 Rxf3 35. Ng5 Rf1+ 36. Kd2 Qb4+ 0-1

[Event "European Online Club-ch-G 2021"]
[Site "Online"]
[Date "2021.03.27"]
[Round "7.3"]
[White "Kostolansky, Sebastian Lukas"]
[Black "Yildirim, Ibrahim Halil"]
[Result "1-0"]
[ECO "B12"]
[WhiteElo "2393"]
[BlackElo "1783"]
[Annotator "NA"]
[PlyCount "115"]
[EventDate "2021.03.27"]
[EventType "team-tourn"]
[EventCountry "NET"]
[SourceTitle "playchess.com"]
[Source "ChessBase"]
[SourceQuality "1"]
[TimeControl "900+5"]

1. e4 c6 2. d4 d5 3. e5 Bf5 4. h4 h5 5. c4 e6 6. Nc3 Ne7 7. Nge2 Nd7 8. Ng3 Bg6 9. Bg5 Qb6 10. Rc1 f6 11. exf6 gxf6 12. Be3 O-O-O 13. Be2 Bh6 14. Bxh6 Rxh6 15. Qd2 Rh7 16. O-O Rg8 17. Rfe1 Rhg7 18. cxd5 Nxd5 19. Nxd5 exd5 20. Bf3 Kb8 21. Qf4+ Ka8 22. Re2 Qd8 23. Rce1 Qb8 24. Qxb8+ Kxb8 25. Re7 Ne5 26. Rxg7 Nxf3+ 27. gxf3 Rxg7 28. Re6 Rf7 29. f4 Bb1 30. a3 Kc7 31. Nxh5 Rh7 32. Nxf6 Rxh4 33. Re7+ Kc8 34. Re8+ Kc7 35. Re7+ Kc8 36. Ne8 Kd8 37. Re5 Be4 38. f3 Bxf3 39. Kf2 Be4 40. Kg3 Rh6 41. Ng7 Rg6+ 42. Rg5 Ke7 43. Nh5 Kf7 44. Kh4 Rxg5 45. Kxg5 b6 46. Nf6 Bf3 47. Nd7 Ke7 48. Ne5 Be4 49. Nxc6+ Kd6 50. Nxa7 Kc7 51. Nb5+ Kc6 52. Nc3 Bd3 53. f5 Kd6 54. Kf6 b5 55. b4 Bc4 56. Kg7 Bd3 57. f6 Ke6 58. f7 1-0